 Dungeon Crawl Stone Soup version 0.30.1-9-gdf580d7c3d (webtiles) character file.

Game seed: 3055914239607725798

2986 lonewolfV2 the Fighter (level 9, -10/74 HPs)
             Began as a Demonspawn Berserker on Oct 25, 2023.
             Was an Elder of Trog.
             Mangled by a tentacled starspawn (25 damage)
             ... on level 2 of the Abyss.
             The game lasted 00:16:34 (6801 turns).

lonewolfV2 the Fighter (Demonspawn Berserker)       Turns: 6801, Time: 00:16:35

Health: -10/74     AC: 15    Str: 21    XL:     9   Next: 53%
Magic:  0/9        EV:  9    Int: 10    God:    Trog [****..]
Gold:   351        SH:  0    Dex: 14    Spells: 8/8 levels left

rFire   . . .        m - +1 war axe (freeze)
rCold   + . .        (no shield)
rNeg    . . .        t - +0 plate armour
rPois   +            (helmet restricted)
rElec   .            (no cloak)
rCorr   .            g - +1 pair of gloves
SInv    .            (no boots)
Will    ++...        j - amulet of guardian spirit Stlth
                     c - ring of protection from cold
HPRegen 1.32/turn    v - ring of poison resistance
MPRegen 0.11/turn

%: guardian spirit
@: strong-willed (expiring), on berserk cooldown, regenerating (expiring),
slowed, very slow
A: horns 1, powered by death 1, spiny 1, big brain 1
a: Renounce Religion, Berserk, Trog's Hand, Brothers in Arms


You were on level 2 of the Abyss.
You worshipped Trog.
Trog was greatly pleased with you.
You visited 1 branch of the dungeon, and saw 8 of its levels.
You visited the Abyss 1 time.

You collected 351 gold pieces.

Inventory:

Hand Weapons
 a - a +0 hand axe
 m - a +1 war axe of freezing (weapon)
Armour
 b - a +0 animal skin
 g - a +1 pair of gloves (worn)
 l - a +0 scale mail
 t - a +0 plate armour (worn)
Jewellery
 c - a ring of protection from cold (left hand)
 j - an amulet of guardian spirit (around neck)
 v - a ring of poison resistance (right hand)
Wands
 y - a wand of flame (18)
Scrolls
 p - a scroll of fog {unknown}
 s - a scroll of enchant weapon
 u - 2 scrolls of identify
 w - 2 scrolls of magic mapping
 z - a scroll of summoning {unknown}
 A - a scroll of torment {unknown}
Potions
 d - a potion of invisibility
 e - 2 potions of might
 f - a potion of lignification
 h - 2 potions of curing
 i - 3 potions of attraction
 k - 2 potions of brilliance
 n - a potion of magic
 o - a potion of flight {unknown}
 q - 2 potions of resistance
 r - 2 potions of berserk rage
 x - 2 potions of heal wounds


   Skills:
 + Level 8.0 Fighting
 - Level 3.1 Axes
 + Level 6.9 Armour
 + Level 6.9 Dodging
 - Level 3.3 Stealth


You had 8 spell levels left.
You didn't know any spells.
Your spell library was empty.

Dungeon Overview and Level Annotations

Branches:
Dungeon (8/15)             Temple (0/1) D:5
   Lair: D:8-11

Altars:
Ashenzari
Fedhas
Hepliaklqana
Okawaru
Qazlal
Trog
Xom

Shops:
D:5 (

Annotations:
D:7 2 transporters, spheroid's ghost, novice MiFi
D:8 Maggie


Innate Abilities, Weirdness & Mutations

You have a pair of small horns on your head.
You regenerate a little health from kills.
You are partially covered in sharp spines.
You have an unusually large brain. (Int +2)


Message History

The thrashing horror tramples you but does no damage. x2
The raiju is struck by your spines. The raiju bites you. The raiju shocks you!
* * * LOW HITPOINT WARNING * * *
The tentacled starspawn bites you but does no damage.
The tentacled starspawn tentacle-slaps you but does no damage.
The thrashing horror closely misses you.
The thrashing horror barely misses you.
A starcursed mass splits.
You slash the tentacled starspawn! You freeze the tentacled starspawn!
The tentacled starspawn is severely damaged.
You hit the thrashing horror. You miss the raiju.
You feel the effects of Trog's Hand fading.
The thrashing horror tramples you but does no damage. x2
A starcursed mass comes into view.
The thrashing horror is struck by your spines.
The thrashing horror tramples you.
* * * LOW HITPOINT WARNING * * *
You hold your ground!
The thrashing horror tramples you but does no damage.
The thrashing horror tramples you.
* * * LOW HITPOINT WARNING * * *
You hold your ground!
The thrashing horror tramples you.
* * * LOW HITPOINT WARNING * * *
You hold your ground!
The raiju barely misses you.
A tentacle flies out from the starspawn's body!
A starcursed mass splits.
A chorus of shrieks assaults your mind.
* * * LOW HITPOINT WARNING * * *
A starspawn tentacle comes into view.
You barely miss the tentacled starspawn.
The tentacled starspawn is severely damaged.
You slash the thrashing horror! You freeze the thrashing horror.
You slash the raiju! You freeze the raiju.
You closely miss the thrashing horror.
You are no longer berserk.
You are exhausted.
You feel yourself slow down. The thrashing horror misses you.
The thrashing horror tramples you but does no damage. x3
A starcursed mass splits.
The raiju bites you but does no damage. The tentacled starspawn bites you!!
You die...

.. . . #. . ...
##.#..# #...
....∩# . .
...X..# .....#
.. .#X...#...#.
.# . #.X..... .
.##... ## #....#
#....#.# ..
.##.∩.Xh##.....#
.. ....h.h@Xw#
.. ......#.X>#
..#.X. ##w.# #
...X> ....# .
.##.....##.#
..#.#.§ .# #
#.... ###.. .
##.#... ##. #...
# .#


You could see 5 starcursed masses, a tentacled starspawn, 2 thrashing horrors, 3
raiju and 2 starspawn tentacles.

Vanquished Creatures
  Prince Ribbit (D:5)
  A small abomination (Abyss:2)
  A water elemental (Abyss:2)
  2 water moccasins
  An orc warrior (D:7)
  A black bear (D:7)
  A sky beast (D:7)
  An ice beast (D:5)
  A centaur (D:6)
  3 ogres
  3 phantoms
  4 kobold brigands
  A bullfrog (D:6)
  4 scorpions
  5 wights (D:7)
  A hound (D:5)
  3 orc priests
  A jelly (D:6)
  2 sleepcaps
  2 iguanas
  3 orc wizards
  3 gnolls (D:2)
  7 adders
  A white imp (D:5)
  2 ufetubi
  2 worms
  A dart slug (D:5)
  15 orcs
  4 ball pythons
  3 bats
  7 endoplasms
  3 giant cockroaches
  11 goblins
  5 hobgoblins
  5 jackals (D:4)
  2 quokkas
  4 frilled lizards
  34 kobolds
  A starspawn tentacle (Abyss:2)
152 creatures vanquished.

Vanquished Creatures (others)
  2 starspawn tentacles (Abyss:2)
2 creatures vanquished.

Grand Total: 154 creatures vanquished

Notes
Turn   | Place    | Note
-------+----------+-------------------------------------------
     0 | D:1      | lonewolfV2 the Demonspawn Berserker began the quest for the
                  | Orb.
     0 | D:1      | Reached XP level 1. HP: 18/18 MP: 1/1
   194 | D:1      | Gained mutation: You have a pair of small horns on your
                  | head. [demonic ancestry]
   194 | D:1      | Reached XP level 2. HP: 21/24 MP: 2/2
  1072 | D:2      | Found a faded altar of an unknown god.
  1112 | D:2      | Reached XP level 3. HP: 17/29 MP: 3/3
  1204 | D:2      | Reached ** piety under Trog
  1878 | D:2      | Reached XP level 4. HP: 32/35 MP: 2/4
  2651 | D:4      | Noticed a phantom
  2665 | D:4      | Reached skill level 1 in Stealth
  2666 | D:4      | Killed a phantom
  2667 | D:4      | Gained mutation: You regenerate a little health from kills.
                  | [demonic ancestry]
  2667 | D:4      | Reached XP level 5. HP: 39/42 MP: 3/5
  2751 | D:4      | Reached skill level 4 in Fighting
  3049 | D:4      | Found a hazy altar of Hepliaklqana.
  3049 | D:4      | Found a bloodstained altar of Trog.
  3051 | D:4      | Found an iron altar of Okawaru.
  3051 | D:4      | Found a shimmering altar of Xom.
  3055 | D:4      | Found a stormy altar of Qazlal.
  3055 | D:4      | Found a blossoming altar of Fedhas.
  3056 | D:4      | Found a broken altar of Ashenzari.
  3579 | D:5      | Entered Level 5 of the Dungeon
  3589 | D:5      | Noticed an ice beast
  3602 | D:5      | Killed an ice beast
  3603 | D:5      | Reached XP level 6. HP: 41/48 MP: 6/6
  3837 | D:5      | Reached XP level 7. HP: 53/55 MP: 7/7
  3863 | D:5      | Found a staircase to the Ecumenical Temple.
  4033 | D:5      | Reached skill level 5 in Fighting
  4154 | D:5      | Found Naisch's Weapon Emporium.
  4269 | D:5      | Noticed Prince Ribbit
  4287 | D:5      | Killed Prince Ribbit
  4341 | D:5      | HP: 1/56 [orc priest/divine providence (6)]
  4346 | D:5      | Gained mutation: You have an unusually large brain. (Int
                  | +2) [demonic ancestry]
  4346 | D:5      | Reached XP level 8. HP: 24/63 MP: 0/8
  4915 | D:6      | Reached *** piety under Trog
  5011 | D:6      | Reached skill level 6 in Fighting
  5011 | D:6      | Reached skill level 5 in Armour
  5011 | D:6      | Reached skill level 5 in Dodging
  5520 | D:7      | Found a transporter.
  5523 | D:7      | Found a transporter.
  5523 | D:7      | Noticed spheroid's ghost (novice MiFi)
  5818 | D:7      | Reached skill level 7 in Fighting
  5829 | D:7      | Reached **** piety under Trog
  5967 | D:7      | Gained mutation: You are partially covered in sharp spines.
                  | [demonic ancestry]
  5967 | D:7      | Reached XP level 9. HP: 72/72 MP: 9/9
  6646 | D:8      | Noticed Maggie
  6660 | Abyss:1  | Cast into level 1 of the Abyss (Maggie)
  6785 | Abyss:2  | Noticed a thrashing horror
  6786 | Abyss:2  | Noticed a tentacled starspawn
  6787 | Abyss:2  | Noticed a thrashing horror
  6790 | Abyss:2  | Reached skill level 8 in Fighting
  6796 | Abyss:2  | Noticed a starcursed mass
  6800 | Abyss:2  | Noticed a starcursed mass
  6801 | Abyss:2  | Mangled by a tentacled starspawn

Illustrated notes

Levels and vault maps discovered:
D:1:      evilmike_arrival_fibonacci_small, layout_loops_cross,
          minmay_tromino_i2
D:2:      layout_basic, basic_ecumenical_altar, kennysheep_generic_room_5
D:3:      layout_loops_ring, serial_aquarium, aquarium_bridge_square
          [aquarium_subvault_balcony, aquarium_subvault_bridge,
          aquarium_subvault_bridge, aquarium_subvault_bridge],
          aquarium_bridge_straight [aquarium_subvault_bridge,
          aquarium_subvault_wall, aquarium_subvault_bridge,
          aquarium_subvault_wall], aquarium_window_corner, aquarium_window_3,
          aquarium_window_fake, aquarium_window_corner, aquarium_view_2c,
          aquarium_view_2c, aquarium_balcony_3a
D:4:      layout_rooms, grunt_temple_overflow_open, portal_sewer_entry_e,
          minmay_goblin_kobold_house
D:5:      layout_basic, minmay_temple_entry_mist, serial_shops,
          nicolae_shop_trees, nrook_campfire, uniq_prince_ribbit1
D:6:      layout_rooms
D:7:      kennysheep_kobold_camp, layout_loops_corners, gammafunk_ghost_hive
D:8:      cheibrodos_barr_body, layout_loops_ring,
          grunt_lair_entry_orc_guard_hut, serial_shops,
          nicolae_shop_tiny_statue_garden, uniq_maggie, uniq_pikel,
          uniq_gastronok, uniq_grum, uniq_maurice
Abyss:2:  base:
D:6

Skill      XL: |  1  2  3  4  5  6  7  8  9 |
---------------+----------------------------+-----
Armour         | 2 3 4 6 |  6.9
Dodging        | 2 3 4 6 |  6.9
Axes           | 3 |  3.1
Stealth        | 1 3 |  3.3
Fighting       | 4 5 7 8 |  8.0

Action                     |  1- 3 |  4- 6 |  7- 9 || total
---------------------------+-------+-------+-------++-------
  Melee: Hand axe          |    77 |       |       ||    77
         Headbutt          |    18 |    16 |    39 ||    73
         War axe           |     5 |   103 |   231 ||   339
         Punch             |       |       |     2 ||     2
 Invoke: Trog's Hand       |       |     1 |     2 ||     3
         Berserk           |       |     1 |     1 ||     2
    Use: Scroll            |     3 |    12 |     5 ||    20
         Potion            |       |       |     3 ||     3
 Armour: Animal skin       |    11 |       |       ||    11
         Scale mail        |     3 |     3 |       ||     6
         Plate armour      |       |   100 |   182 ||   282
  Dodge: Dodged            |    55 |    62 |   132 ||   249
